 Dungeon Crawl Stone Soup version 0.24.0-123-gd5b16e6ec5 (webtiles) character file.

Game seed: 967602149259994509, levelgen mode: deterministic

6920 mortelune the Arsonist (level 11, -1/66 HPs)
             Began as a Gargoyle Fire Elementalist on Jan 11, 2020.
             Was a Believer of Vehumet.
             Slain by Erolcha
             ... wielding a +0 giant spiked club
              (28 damage)
             ... on level 9 of the Dungeon.
             The game lasted 00:30:46 (15025 turns).

mortelune the Arsonist (GrFE)                      Turns: 15025, Time: 00:30:46

Health: -1/66      AC: 15    Str: 13    XL:     11   Next: 7%
Magic:  11/22      EV: 11    Int: 18    God:    Vehumet [**....]
Gold:   425        SH:  0    Dex: 12    Spells: 9/25 levels left

rFire    + . .     SeeInvis .   H - +4 scimitar (freeze)
rCold    x . .     Gourm    .   (no shield)
rNeg     + . .     Faith    .   d - +0 troll leather armour
rPois    ∞         Spirit   .   b - +0 helmet
rElec    +         Reflect  .   (no cloak)
rCorr    .         Harm     .   u - +0 pair of gloves
MR       +....                  (no boots)
Stlth    ++........             (no amulet)
HPRegen  0.61/turn              e - ring of fire
MPRegen  0.18/turn              q - ring of wizardry

@: no status effects
A: agile 1, magic resistance 1, negative energy resistance 1, electricity
resistance, unbreathing, petrification resistance, rot immunity, AC +8
a: Renounce Religion


You were on level 9 of the Dungeon.
You worshipped Vehumet.
Vehumet was pleased with you.
You were not hungry.

You visited 2 branches of the dungeon, and saw 13 of its levels.

You collected 425 gold pieces.

Inventory:

Hand Weapons
 A - a +0 morningstar
 F - a +0 spear of venom
 H - a +4 scimitar of freezing (weapon)
 J - a +1 morningstar of draining
Armour
 a - a +0 robe
 b - a +0 helmet (worn)
 d - a +0 troll leather armour (worn)
 n - a +2 large shield
 u - a +0 pair of gloves (worn)
 z - the cursed +1 leather armour "Gyppako" {+Blink rPois MP+9 Dex-2}
   (You found it on level 6 of the Dungeon)

   It affects your dexterity (-2).
   It protects you from poison.
   It affects your magic capacity (+9).
   It lets you blink.
   It has a curse placed upon it.
Jewellery
 e - a ring of fire (left hand)
 i - an uncursed ring of resist corrosion
 q - a ring of wizardry (right hand)
 t - an uncursed ring of protection from cold
 B - an uncursed ring of flight
Wands
 x - a wand of random effects (8)
 D - a wand of clouds (5)
 E - a wand of enslavement (1)
Scrolls
 g - a scroll of identify
 k - a scroll of enchant armour
 p - a scroll of enchant weapon
 r - a scroll of magic mapping
 s - 7 scrolls of remove curse
 w - a scroll of teleportation
 y - a scroll of amnesia
 C - a scroll of summoning {unknown}
Potions
 f - a potion of mutation
 h - 2 potions of flight {unknown}
 j - a potion of haste {unknown}
 l - 4 potions of might
 m - 2 potions of cancellation
 v - a potion of resistance {unknown}
 G - a potion of curing {unknown}
 I - a potion of degeneration {unknown}
Comestibles
 c - 14 rations
 o - a chunk of flesh


   Skills:
 + Level 6.9 Fighting
 * Level 5.4 Armour
 - Level 1.5 Dodging
 - Level 2.1 Stealth
 + Level 7.9 Spellcasting
 - Level 8.2 Conjurations
 * Level 9.7 Fire Magic


You had 9 spell levels left.
You knew the following spells:

 Your Spells              Type           Power        Failure   Level  Hunger
a - Flame Tongue          Conj/Fire      #####        1%          1    None
b - Throw Flame           Conj/Fire      ######       1%          2    None
c - Conjure Flame         Conj/Fire      ######..     1%          3    #......
d - Sticky Flame          Conj/Fire      ######..     1%          4    ###....
e - Fireball              Conj/Fire      ######....   3%          5    #####..
f - Shock                 Conj/Air       ###.         1%          1    None

Your spell library contained the following spells:

 Spells                   Type           Power        Failure   Level  Hunger
 Freeze                   Ice            #...         4%          1    None
 Magic Dart               Conj           ####         1%          1    None
 Searing Ray              Conj           #####.       1%          2    None
 Inner Flame              Hex/Fire       #####...     1%          3    #......
 Iskenderun's Mystic Bla  Conj           #####...     1%          4    ###....
 Dazzling Spray           Conj/Hex       ###...       2%          3    #......
 Force Lance              Conj/Tloc      ###.....     9%          4    ###....
 Fulminant Prism          Conj/Hex       ###.......   9%          4    ###....


Dungeon Overview and Level Annotations

Branches:
Dungeon (12/15)            Temple (1/1) D:4
   Lair: D:8-11         Orc: D:9-12

Altars:
Ashenzari
Cheibriados
Dithmenos
Elyvilon
Fedhas
Gozag
Hepliaklqana
Kikubaaqudgha
Nemelex Xobeh
Okawaru
Qazlal
Ru
Sif Muna
Trog
Uskayaw
Vehumet
Wu Jian
Xom
Yredelemnul
Zin
The Shining One

Annotations:
D:8 Harold
D:9 Erolcha
D:10 Urug


Innate Abilities, Weirdness & Mutations

You are resistant to torment.
Your stone body is resilient. (AC +8)
You are immune to poison.
You resist negative energy. (rN+)
You are resistant to electric shocks. (rElec)
You can survive without breathing.
You are immune to petrification.
You are immune to rotting.
You are agile. (Dex +2)
You are resistant to hostile enchantments. (MR+)


Message History

Confirm with . or Enter, or press ? or * to list all spells.
Aiming: Flame Tongue (safe; 1% risk of failure)
Press: ? - help, Shift-Dir - straight line, f - Erolcha
Aim: Erolcha, wielding a +0 giant spiked club and wearing a +0 robe (heavily wounded, slightly transparent, covered in liquid flames)
You feel a surge of power!
The flame tongue hits Erolcha.
Erolcha is heavily wounded.
Erolcha burns!
Erolcha points at you and mumbles some strange words.
The stone arrow hits you!!
Casting: Flame Tongue (safe; 1% risk of failure)
Confirm with . or Enter, or press ? or * to list all spells.
Aiming: Flame Tongue (safe; 1% risk of failure)
Press: ? - help, Shift-Dir - straight line, f/p - Erolcha
Aim: Erolcha, wielding a +0 giant spiked club and wearing a +0 robe (severely wounded, slightly transparent, covered in liquid flames)
You feel a surge of power!
The flame tongue hits Erolcha but does no damage.
Erolcha is severely wounded.
Erolcha burns!
Erolcha hits you with a +0 giant spiked club!!
You die...

#.........#....
#.......#.........#....
#.......#.........#....
#....)..#.........#####
#..>...$#.........#
#.......#.........#
#.......#.........#
#....)O.#.........#
#....@.#.........#
##......########'##
#........#........#
#........#........#
#........#........#
#........#........#
#####+..########'##
#...###.# #......##
#...# ♣.♣ #.......#


You could see Erolcha (burning).

Vanquished Creatures
  2 unseen horrors
  Joseph (D:6)
  A troll (D:7)
  A hippogriff (D:12)
  11 yaks
  A wyvern (D:10)
  3 orc warriors
  A porcupine (D:8)
  7 ogres
  A black bear (D:8)
  A phantom (D:2)
  A sky beast (D:5)
  4 centaurs
  A big kobold (D:7)
  2 bullfrogs (D:7)
  A scorpion (D:7)
  9 wights
  2 bullfrog zombies
  4 crimson imps
  A quasit (D:12)
  4 hounds
  A centaur skeleton (D:6)
  3 jellies
  6 orc priests
  4 orc wizards
  6 worker ants
  2 iguanas
  A hound skeleton (D:9)
  3 worker ant zombies
  4 gnolls (D:8)
  2 river rats
  4 adders
  2 shadow imps
  3 adder skeletons
  6 worms
  11 dart slugs
  5 leopard geckos
  28 orcs
  2 ball pythons
  4 giant cockroaches
  7 goblins
  4 hobgoblins
  3 jackals (D:1)
  4 quokkas
  3 bats
  9 frilled lizards
  A giant cockroach zombie (D:5)
  18 kobolds
  A quokka skeleton (D:4)
  15 rats
221 creatures vanquished.

Notes
Turn   | Place    | Note
-------+----------+-------------------------------------------
     0 | D:1      | mortelune the Gargoyle Fire Elementalist began the quest
                  | for the Orb.
     0 | D:1      | Reached XP level 1. HP: 10/10 MP: 3/3
   310 | D:1      | Reached XP level 2. HP: 16/16 MP: 1/5
   637 | D:1      | Learned a level 2 spell: Throw Flame
  1043 | D:1      | Reached XP level 3. HP: 20/20 MP: 1/6
  1680 | D:2      | Reached skill level 1 in Fighting
  1735 | D:2      | Learned a level 3 spell: Conjure Flame
  2888 | D:3      | Noticed a phantom
  2893 | D:3      | Reached XP level 4. HP: 25/25 MP: 3/8
  3355 | D:3      | Found a basalt altar of Yredelemnul.
  3844 | D:2      | Killed a phantom
  3844 | D:2      | Reached skill level 4 in Fire Magic
  3844 | D:2      | Reached XP level 5. HP: 30/30 MP: 0/9
  4635 | D:4      | Reached XP level 6. HP: 24/35 MP: 2/11
  5157 | D:4      | Learned a level 4 spell: Sticky Flame
  5168 | D:4      | Found a staircase to the Ecumenical Temple.
  5180 | Temple   | Entered the Ecumenical Temple
  6474 | D:5      | Entered Level 5 of the Dungeon
  6482 | D:5      | Reached XP level 7. HP: 32/40 MP: 0/12
  6811 | D:5      | Reached skill level 5 in Fire Magic
  6986 | D:5      | Found a blossoming altar of Fedhas.
  6987 | D:5      | Found a stormy altar of Qazlal.
  7592 | D:5      | Reached skill level 5 in Conjurations
  7592 | D:5      | Reached XP level 8. HP: 46/46 MP: 4/14
  8025 | D:5      | Found an opulent altar of Gozag.
  8387 | D:5      | Found a hide-covered altar of Uskayaw.
  8395 | D:5      | Found a radiant altar of Vehumet.
  8399 | D:5      | Became a worshipper of Vehumet
  8405 | D:5      | Found a glowing silver altar of Zin.
  8433 | D:6      | Found a radiant altar of Vehumet.
  8582 | D:6      | Learned a level 5 spell: Fireball
  8826 | D:6      | Got a scorched leather armour
  8831 | D:6      | Reached skill level 6 in Fire Magic
  9155 | D:6      | Reached skill level 5 in Spellcasting
  9540 | D:6      | Identified the cursed +1 leather armour "Gyppako" {+Blink
                  | rPois MP+9 Dex-2} (You found it on level 6 of the Dungeon)
  9574 | D:6      | Gained mutation: You are resistant to hostile enchantments.
                  | (MR+) [potion of mutation]
  9574 | D:6      | Gained mutation: You are agile. (Dex +2) [potion of
                  | mutation]
 10358 | D:7      | Noticed Joseph
 10542 | D:6      | Reached XP level 9. HP: 50/52 MP: 17/17
 11024 | D:6      | Killed Joseph
 11024 | D:6      | Reached skill level 7 in Fire Magic
 11377 | D:7      | Noticed an unseen horror
 11386 | D:7      | Killed an unseen horror
 11386 | D:7      | Reached skill level 5 in Fighting
 12354 | D:7      | Reached * piety under Vehumet
 12354 | D:7      | Offered knowledge of Shock by Vehumet.
 12770 | D:8      | Reached skill level 8 in Fire Magic
 12772 | D:8      | Reached XP level 10. HP: 59/59 MP: 3/20
 12774 | D:8      | Noticed Harold
 12774 | D:8      | Noticed a death yak
 12775 | D:8      | Noticed a death yak
 12776 | D:8      | Noticed a death yak
 13179 | D:8      | Reached skill level 1 in Armour
 13712 | D:9      | You fall into a shaft and drop 3 floors!
 13836 | D:12     | Noticed a red ugly thing
 13861 | D:12     | Noticed a two-headed ogre
 13912 | D:11     | Reached skill level 9 in Fire Magic
 14259 | D:10     | Entered Level 10 of the Dungeon
 14334 | D:10     | Learned a level 1 spell: Shock
 14429 | D:10     | Reached ** piety under Vehumet
 14431 | D:10     | Offered knowledge of Freeze by Vehumet.
 14625 | D:10     | Noticed an unseen horror
 14628 | D:10     | Killed an unseen horror
 14628 | D:10     | Reached skill level 5 in Armour
 14628 | D:10     | Reached XP level 11. HP: 57/66 MP: 16/22
 14676 | D:10     | Noticed Urug
 14990 | D:9      | Noticed Erolcha
 15025 | D:9      | Slain by Erolcha

Levels and vault maps discovered:
D:1:      dpeg_arrival_rooms_b, layout_basic, serial_bayou_crossing
D:2:      layout_basic, minmay_split_cup_small
D:3:      layout_loops_corners, lemuel_doored_altar, minmay_fractal_squares_5
D:4:      kennysheep_slugbush, layout_gridville, minmay_temple_entry_ruins,
          first_ration
D:5:      layout_cave_pools, grunt_temple_overflow_forces_of_nature,
          grunt_temple_overflow_cloverleaf
D:6:      layout_loops_corners, basic_altar
D:7:      layout_rooms, uniq_joseph
D:8:      layout_basic, dpeg_lair_monsters, serial_curves, eino_curves_01,
          eino_curves_02, uniq_harold
D:9:      layout_gridville, bloody_makhleb, minmay_tree_intersection,
          the_bakery, uniq_erolcha
D:10:     minmay_general_purpose_star, layout_long_grid, orc_0_dummy,
          uniq_maurice, uniq_urug
D:11:     layout_stronghold
D:12:     layout_loops_cross
Temple:   minmay_temple_curvy_branch

Skill      XL: |  1  2  3  4  5  6  7  8  9 10 |
---------------+-------------------------------+-----
Fighting       | 1 2 3 4 5 6 |  6.9
Conjurations   | 2 3 4 5 6 8 |  8.2
Spellcasting   | 3 4 5 6 7 |  7.9
Fire Magic     | 4 5 6 8 9 |  9.7
Armour         | 5 |  5.4
Dodging        | |  1.5
Stealth        | |  2.1

Action                   |  1- 3 |  4- 6 |  7- 9 | 10-12 || total
-------------------------+-------+-------+-------+-------++-------
Melee: Club              |    15 |       |       |       ||    15
       Short sword       |     2 |    10 |       |       ||    12
       Falchion          |       |       |    30 |       ||    30
       Scimitar          |       |       |       |    24 ||    24
       Morningstar       |       |       |       |     9 ||     9
       Spear             |       |       |       |     4 ||     4
 Cast: Flame Tongue      |    48 |    78 |   109 |    51 ||   286
       Throw Flame       |    29 |    53 |    94 |    27 ||   203
       Sticky Flame      |       |       |    14 |    25 ||    39
       Conjure Flame     |       |       |     2 |     3 ||     5
       Fireball          |       |       |    16 |     1 ||    17
  Use: Scroll            |     4 |       |     5 |     6 ||    15
       Potion            |       |     1 |     2 |       ||     3
 Stab: Sleeping          |     1 |       |       |       ||     1
  Eat: Chunk             |     8 |    13 |    17 |     9 ||    47
       Ration            |       |       |     3 |     1 ||     4
Armor: Robe              |    16 |    13 |    34 |     6 ||    69
       Troll leather arm |       |       |       |    40 ||    40
Dodge: Dodged            |    31 |    28 |    68 |    60 ||   187
       Rpst.: Falchion   |       |       |    14 |       ||    14
       Scimitar          |       |       |       |    14 ||    14
